Map: Givre EC

Players

depthmage - Winner!

  • Race: Zerg Zerg
  • League: Diamond

Worming

  • Race: Zerg Zerg
  • League: Diamond

VOD

Have the link to the VOD?

Description

Time

  • Played on: Oct. 1, 2016, 10:09 a.m.
  • Length: 6:39
Show
View Real Time Build Order
Export as new Build Order

depthmage Zerg - Winner!

Build Orders: Hatch First 

Get SALT Encoding   

  12  0:01  Drone  
  13  0:13  Overlord  
  13  0:17  Drone  
  14  0:31  Drone x2  
  14  0:35  Drone  
  17  0:53  Hatchery  
  17  0:56  Drone  
  17  0:59  Drone  
  18  1:12  Spawning Pool  
  18  1:15  Extractor  
  18  1:18  Drone  
  17  1:22  Drone  
  18  1:30  Drone  
  19  1:40  Drone  
  20  1:50  Overlord  
  20  2:00  Queen  
  22  2:05  Queen  
  22  2:06  Zergling x4  
  26  2:13  Drone  
  27  2:17  Drone  
  27  2:18  Metabolic Boost  
  28  2:24  Drone  
  29  2:30  Drone  
  29  2:33  Drone  
  31  2:40  Drone  
  32  2:45  Drone  
  33  2:56  Drone  
  33  2:57  Drone  
  35  2:59  Drone  
  35  3:04  Hatchery  
  35  3:14  Baneling Nest, Queen  
  35  3:18  Overlord  
  35  3:19  Overlord  
  37  3:41  Zergling x8  
  37  3:42  Zergling x10  
  45  3:50  Evolution Chamber  
  44  3:57  Zergling x8  
  47  4:04  Zergling x2  
  47  4:07  Zergling x2  
  48  4:12  Zergling x6  
  48  4:13  Baneling x2  
  48  4:14  Baneling, Drone  
  48  4:17  Zerg Melee Weapons Level 1  
  45  4:36  Zergling x2  
  45  4:37  Zergling x10  
  46  4:47  Queen  
  46  4:50  Drone x2  
  50  4:53  Baneling x2  
  50  4:55  Baneling  
  50  4:56  Baneling  
  50  5:01  Hatchery  
  50  5:05  Zergling x4  
  42  5:18  Zergling x16  
  48  5:26  Zergling x2  
  43  5:36  Zergling x4  
  43  5:41  Zergling x2  
  46  5:49  Zergling x8  
  49  5:54  Baneling x3, Zergling x2  
  49  5:56  Zergling x4  
  52  5:58  Overlord x2  
  51  6:04  Overlord  
  51  6:06  Roach Warren  
  49  6:18  Baneling x2, Zergling x2  
  48  6:19  Zergling x10  
Show
View Real Time Build Order
Export as new Build Order

Worming Zerg 

Build Orders: Hatch First 

Get SALT Encoding   

  12  0:01  Drone  
  13  0:14  Overlord  
  13  0:19  Drone  
  14  0:32  Drone x2  
  16  0:36  Drone  
  17  0:54  Hatchery  
  17  0:56  Drone  
  17  1:17  Spawning Pool  
  17  1:18  Drone x2, Extractor  
  17  1:35  Drone x2  
  19  1:48  Overlord  
  19  1:54  Drone  
  20  2:03  Queen  
  20  2:05  Zergling x2  
  20  2:06  Queen  
  20  2:07  Zergling x2  
  26  2:22  Metabolic Boost  
  26  2:28  Drone x4  
  30  2:42  Queen  
  32  2:46  Drone x3  
  35  2:51  Overlord  
  35  3:02  Zergling x4  
  35  3:10  Baneling Nest  
  34  3:17  Zergling x2, Overlord  
  34  3:18  Zergling x12  
  41  3:33  Overlord  
  41  3:39  Drone x3  
  44  3:55  Baneling x3  
  44  3:56  Zergling x2  
  44  3:57  Zergling x12  
  51  4:08  Overlord  
  51  4:17  Evolution Chamber  
  50  4:18  Extractor  
  43  4:41  Lair  
  43  4:42  Drone x3  
  43  4:43  Drone x3, Roach Warren  
  43  4:44  Drone x4  
  46  4:47  Baneling x3  
  46  4:50  Zergling x2  
  46  4:52  Baneling  
  47  4:59  Zergling x4  
  49  5:06  Zergling x4  
  48  5:08  Baneling  
  48  5:09  Baneling  
  44  5:23  Zergling x2  
  44  5:24  Zergling x6  
  37  5:40  Zergling x10  
  41  5:52  Extractor  
  41  5:53  Spire  
  39  6:05  Hatchery  
  33  6:12  Zergling x6  
  33  6:13  Zergling x6  
Tags
 
Add a new tag
Caveats
  • Supply blocks, unpowered buildings, or Contaminate may cause inaccurate times.
  • Supply counts are checked every 10 seconds.